Map: Ascension to Aiur LE

Players

TRUE - Winner!

  • Race: Zerg Zerg
  • Spawn Location: 5:00

Harstem

  • Race: Protoss Protoss
  • Spawn Location: 11:00

Event: WCS Valencia 2017

VOD

Have the link to the VOD?

Description

Time

  • Played on: July 13, 2017, 2:30 p.m.
  • Length: 7:47

All games in this series

Show
View Real Time Build Order
Export as new Build Order

TRUE Zerg - Winner!

Build Orders: Hatch First 

Get SALT Encoding   

  12  0:00  Drone  
  13  0:12  Overlord  
  13  0:16  Drone  
  14  0:30  Drone x2  
  14  0:34  Drone  
  17  0:51  Hatchery  
  17  0:56  Drone  
  17  1:08  Spawning Pool  
  17  1:10  Extractor  
  15  1:13  Drone  
  15  1:17  Drone  
  17  1:20  Drone  
  18  1:27  Drone  
  19  1:39  Overlord  
  19  1:54  Queen  
  19  2:00  Drone x2  
  23  2:03  Queen, Drone  
  26  2:11  Drone  
  26  2:13  Metabolic Boost  
  27  2:16  Drone  
  27  2:21  Drone  
  29  2:25  Zergling x2  
  30  2:31  Drone  
  30  2:36  Drone  
  32  2:43  Drone  
  33  2:48  Drone  
  33  2:49  Hatchery  
  33  2:57  Overlord  
  32  2:59  Zergling x2  
  32  3:01  Zergling x4  
  32  3:02  Zergling x2  
  36  3:09  Overlord  
  36  3:12  Evolution Chamber  
  35  3:15  Overlord  
  35  3:16  Zergling x2  
  35  3:17  Zergling x2  
  35  3:19  Zergling x2  
  38  3:21  Zergling x2  
  38  3:24  Zergling x2  
  38  3:26  Zergling x2  
  39  3:47  Queen, Zerg Melee Weapons Level 1  
  39  3:48  Drone x5  
  46  3:51  Drone  
  47  3:57  Drone  
  49  4:02  Drone  
  49  4:03  Drone  
  49  4:04  Queen  
  49  4:07  Drone  
  53  4:10  Extractor, Queen  
  53  4:12  Drone  
  53  4:14  Drone  
  56  4:17  Drone  
  56  4:20  Drone x2  
  56  4:21  Drone  
  56  4:23  Drone  
  60  4:26  Drone x2  
  60  4:29  Drone  
  60  4:30  Drone  
  64  4:35  Lair  
  64  4:36  Drone  
  65  4:39  Extractor, Drone  
  65  4:44  Overlord  
  65  4:49  Overlord  
  65  4:53  Extractor, Overlord  
  65  4:54  Drone  
  65  4:55  Overlord  
  65  4:59  Overlord  
  65  5:02  Overlord x2  
  65  5:12  Drone  
  65  5:13  Drone x7  
  73  5:17  Queen  
  75  5:24  Overlord  
  75  5:27  Overlord  
  75  5:33  Hydralisk Den  
  74  5:37  Extractor  
  74  5:38  Drone x7  
  74  5:39  Drone  
  74  5:40  Zergling x4  
  74  5:41  Zergling x2  
  83  5:43  Zergling x2  
  83  5:45  Zergling x4  
  82  5:54  Drone  
  82  5:55  Overlord  
  83  6:00  Overlord  
  83  6:04  Muscular Augments  
  83  6:07  Hydralisk x2  
  83  6:08  Hydralisk x2  
  91  6:11  Hydralisk  
  91  6:13  Hydralisk  
  91  6:16  Hydralisk  
  97  6:20  Hydralisk  
  97  6:21  Hydralisk  
  97  6:23  Hydralisk  
  103  6:25  Hydralisk  
  103  6:27  Hydralisk  
  103  6:30  Hydralisk  
  109  6:34  Hydralisk  
  109  6:35  Hydralisk  
  109  6:37  Hydralisk  
  115  6:40  Hydralisk  
  115  6:42  Hydralisk  
  115  6:44  Overlord  
  119  6:47  Hydralisk  
  119  6:52  Hydralisk  
  123  6:54  Hydralisk  
  123  6:57  Hydralisk  
  123  6:59  Overlord  
  127  7:01  Hydralisk  
  127  7:04  Hydralisk, Zergling x2  
  127  7:07  Zergling x6  
  127  7:08  Zergling x2  
  135  7:10  Hydralisk  
  135  7:12  Hydralisk  
  139  7:15  Hydralisk  
  139  7:19  Hydralisk  
  139  7:22  Zergling x6  
  146  7:23  Zergling x4  
  146  7:25  Zergling x2  
Show
View Real Time Build Order
Export as new Build Order

Harstem Protoss 

Build Orders: 1 Gate Expand, Oracle Opening, Zealot Archon 

Get SALT Encoding   

  12  0:00  Probe (Chrono Boost)  
  13  0:11  Probe (Chrono Boost)  
  14  0:17  Pylon  
  14  0:22  Probe (Chrono Boost)  
  16  0:35  Probe (Chrono Boost)  
  16  0:38  Gateway  
  16  0:46  Probe (Chrono Boost)  
  16  0:47  Assimilator  
  17  0:56  Probe (Chrono Boost)  
  18  1:07  Probe (Chrono Boost)  
  19  1:17  Probe (Chrono Boost)  
  20  1:26  Nexus  
  20  1:34  Cybernetics Core  
  20  1:38  Probe (Chrono Boost)  
  21  1:46  Assimilator  
  21  1:48  Probe (Chrono Boost)  
  21  1:52  Pylon  
  22  1:59  Probe (Chrono Boost)  
  23  2:10  Probe (Chrono Boost), Adept (Chrono Boost)  
  26  2:21  Stargate  
  26  2:22  Probe  
  27  2:30  Warp Gate  
  27  2:34  Probe  
  27  2:35  Adept (Chrono Boost)  
  27  2:36  Probe  
  31  2:46  Probe x2  
  33  2:58  Probe x2 (Chrono Boost)  
  33  3:03  Oracle (Chrono Boost)  
  38  3:05  Adept (Chrono Boost)  
  38  3:09  Probe  
  38  3:10  Probe  
  42  3:20  Pylon  
  42  3:21  Probe (Chrono Boost), Gateway  
  42  3:24  Probe (Chrono Boost)  
  44  3:33  Probe (Chrono Boost)  
  45  3:37  Probe (Chrono Boost)  
  45  3:41  Oracle  
  44  3:44  Probe (Chrono Boost)  
  49  3:49  Probe (Chrono Boost), Gateway  
  49  3:53  Pylon, Mothership Core (Chrono Boost)  
  49  3:58  Adept (Chrono Boost)  
  49  4:00  Probe  
  52  4:10  Pylon  
  52  4:12  Probe x2  
  54  4:19  Phoenix (Chrono Boost)  
  56  4:26  Probe  
  56  4:29  Probe  
  56  4:30  Pylon  
  58  4:32  Assimilator  
  58  4:35  Adept  
  58  4:36  Adept  
  62  4:48  Probe  
  62  4:49  Pylon, Probe  
  64  4:55  Assimilator  
  64  4:57  Pylon  
  64  4:58  Nexus  
  64  5:00  Pylon, Probe  
  64  5:02  Probe  
  64  5:04  Adept x2  
  70  5:12  Probe  
  70  5:14  Probe  
  72  5:17  Forge  
  72  5:18  Twilight Council  
  72  5:23  Sentry  
  72  5:24  Zealot, Probe  
  72  5:26  Probe  
  72  5:27  Pylon  
  78  5:37  Probe  
  78  5:38  Probe  
  80  5:45  Robotics Facility  
  80  5:48  Protoss Ground Weapons Level 1  
  80  5:49  Probe  
  81  5:50  Probe  
  79  5:58  Charge (Chrono Boost)  
  79  5:59  Zealot  
  79  6:01  Probe  
  79  6:02  Probe  
  83  6:06  Pylon  
  83  6:10  Zealot, Pylon, Probe  
  83  6:11  Zealot  
  87  6:13  Probe, Templar Archives  
  87  6:14  Probe  
  90  6:20  Probe  
  90  6:25  Probe  
  92  6:26  Probe  
  92  6:29  Gateway x2  
  93  6:34  Zealot x3  
  93  6:35  Probe  
  98  6:40  Immortal (Chrono Boost)  
  98  6:45  Probe  
  103  6:49  Probe  
  103  6:50  Assimilator  
  104  6:54  Assimilator  
  104  6:55  Probe  
  104  6:56  Gateway  
  104  6:57  Probe, High Templar x2  
  104  6:58  Gateway  
  104  7:00  Pylon  
  110  7:11  Probe  
  111  7:15  Gateway  
  111  7:21  Gateway  
  111  7:22  Photon Cannon  
  111  7:25  Pylon  
  111  7:27  High Templar  
  115  7:35  Archon  
  115  7:36  Zealot x2  
  115  7:37  Zealot x2  
Tags
 
Add a new tag
Caveats
  • Supply blocks, unpowered buildings, or Contaminate may cause inaccurate times.
  • Supply counts are checked every 10 seconds.